[ AOE2 MATCH · #505568847 ]
UnrankedMuisca vs Tupi
Player's team · WIN
Rival team · LOSS
[ REPLAY ANALYSIS · EXTRACTED FROM THE RECORDED GAME ]
Feudal
8:52
Castle
25:39
Imperial
42:24
| APM avg | 79.6 |
| APM peak | 146 |
| eAPM avg | 44.6 |
| Villagers / military | 98 / 64 |
Focus
⚔️ 67.2% · 🌾 32.8%
Petard ×54 · Unknown (2550) ×47 · Unknown (2562) ×40 · Monk ×7 · Trebuchet (Packed) ×3
Feudal
9:41
Castle
21:25
Imperial
41:50
| APM avg | 63.4 |
| APM peak | 104 |
| eAPM avg | 34.1 |
| Villagers / military | 142 / 10 |
Focus
⚔️ 42.8% · 🌾 57.2%
Unknown (2550) ×280 · Unknown (2579) ×17 · Unknown (2582) ×11 · Trebuchet (Packed) ×10
Match map
Initial resources + every placement click. Lines = walls · curves = elevation contours. ◆ gold · ⬟ stone · ● berries · ✦ relic · ◌ wall gap
Your base· Open — 4t gap
Hoanginator's base· Open — unwalled flank
Smoothed initial terrain · ◌ = detected wall gap · hover for details
Inputs per minute
— Dark_aoe - - Hoanginator
Build order — Dark_aoe
First 150 of 405 actions detected
| 0:00 | Queue | Villager (Male) |
| 0:02 | Build | House |
| 0:02 | Build | House |
| 0:15 | Queue | Villager (Male) ×3 |
| 1:37 | Queue | Villager (Male) |
| 2:03 | Queue | Villager (Male) |
| 2:12 | Build | Settlement |
| 2:27 | Queue | Villager (Male) |
| 2:49 | Queue | Villager (Male) |
| 3:18 | Queue | Villager (Male) |
| 3:33 | Queue | Villager (Male) |
| 3:59 | Queue | Villager (Male) |
| 4:32 | Queue | Villager (Male) |
| 5:00 | Queue | Villager (Male) |
| 5:07 | Build | Settlement |
| 5:11 | Build | Settlement |
| 5:25 | Research | Loom |
| 5:32 | Queue | Villager (Male) |
| 6:08 | Queue | Villager (Male) |
| 6:18 | Build | Outpost |
| 6:42 | Research | Feudal Age |
| 6:42 | Research | Feudal Age |
| 7:04 | Build | Outpost |
| 7:28 | Build | Settlement |
| 8:12 | Build | Palisade Wall |
| 8:36 | Queue | Villager (Male) |
| 8:52 | Age | Feudal Age |
| 8:55 | Build | Watch Tower |
| 9:01 | Build | Palisade Wall |
| 9:02 | Build | Palisade Wall |
| 9:04 | Build | House |
| 9:05 | Build | Palisade Wall |
| 9:18 | Queue | Villager (Male) |
| 9:21 | Build | Stone Wall |
| 9:22 | Build | Stone Wall |
| 9:43 | Queue | Villager (Male) |
| 9:52 | Research | Double-Bit Axe |
| 9:56 | Build | Stone Wall |
| 10:10 | Queue | Villager (Male) |
| 10:33 | Queue | Villager (Male) |
| 10:38 | Build | Watch Tower |
| 10:51 | Build | Barracks |
| 10:57 | Queue | Villager (Male) |
| 10:58 | Build | Settlement |
| 11:28 | Queue | Villager (Male) |
| 11:46 | Queue | Villager (Male) |
| 11:47 | Queue | Unit 2550 |
| 11:57 | Build | Settlement |
| 12:11 | Queue | Villager (Male) |
| 12:13 | Build | House |
| 12:15 | Build | House |
| 12:28 | Queue | Unit 2550 |
| 12:41 | Queue | Villager (Male) |
| 12:44 | Queue | Villager (Male) |
| 12:52 | Queue | Unit 2550 |
| 13:07 | Build | Settlement |
| 13:16 | Research | Tech 1402 |
| 13:35 | Queue | Villager (Male) |
| 13:35 | Queue | Unit 2550 |
| 14:02 | Queue | Villager (Male) |
| 14:21 | Queue | Villager (Male) |
| 14:49 | Build | Barracks |
| 14:50 | Queue | Villager (Male) |
| 15:07 | Queue | Villager (Male) |
| 15:08 | Queue | Unit 2550 |
| 15:09 | Queue | Unit 2550 |
| 15:37 | Queue | Villager (Male) |
| 15:43 | Queue | Unit 2550 |
| 15:45 | Queue | Unit 2550 |
| 15:46 | Queue | Villager (Male) |
| 15:53 | Build | Blacksmith |
| 16:08 | Queue | Villager (Male) |
| 16:16 | Queue | Unit 2550 |
| 16:16 | Queue | Unit 2550 |
| 16:33 | Queue | Villager (Male) |
| 16:39 | Queue | Unit 2550 |
| 16:41 | Research | Forging |
| 16:42 | Build | Market |
| 17:00 | Build | Watch Tower |
| 17:03 | Build | Watch Tower |
| 17:05 | Queue | Villager (Male) |
| 17:15 | Build | Watch Tower |
| 17:20 | Research | Scale Mail Armor |
| 17:21 | Queue | Unit 2550 |
| 17:22 | Queue | Unit 2550 |
| 17:28 | Queue | Unit 2550 |
| 17:31 | Build | Farm |
| 17:32 | Build | Farm |
| 17:38 | Queue | Villager (Male) |
| 17:51 | Queue | Unit 2550 |
| 17:51 | Queue | Unit 2550 |
| 18:09 | Build | Farm |
| 18:09 | Build | House |
| 18:11 | Queue | Villager (Male) |
| 18:13 | Build | House |
| 18:27 | Queue | Unit 2550 |
| 18:27 | Queue | Unit 2550 |
| 18:37 | Research | Fletching |
| 19:00 | Queue | Villager (Male) |
| 19:01 | Queue | Unit 2550 |
| 19:01 | Queue | Unit 2550 |
| 19:16 | Build | Farm |
| 19:16 | Build | Farm |
| 19:24 | Queue | Unit 2550 |
| 19:24 | Queue | Unit 2550 |
| 19:33 | Build | Farm |
| 19:36 | Build | Farm |
| 19:36 | Build | Farm |
| 19:41 | Build | Farm |
| 19:42 | Build | Farm |
| 20:03 | Queue | Villager (Male) |
| 20:14 | Build | Watch Tower |
| 20:22 | Queue | Unit 2550 |
| 20:22 | Queue | Unit 2550 |
| 20:34 | Build | Farm |
| 20:35 | Queue | Villager (Male) |
| 20:35 | Queue | Villager (Male) |
| 20:38 | Build | Farm |
| 20:39 | Build | Farm |
| 20:44 | Build | Farm |
| 20:49 | Build | Farm |
| 20:52 | Build | Farm |
| 20:53 | Build | Farm |
| 20:55 | Queue | Villager (Male) |
| 20:58 | Build | House |
| 21:02 | Build | Stone Wall |
| 21:04 | Build | House |
| 21:06 | Build | Stone Wall |
| 21:15 | Build | Farm |
| 21:17 | Build | Farm |
| 21:35 | Build | Farm |
| 21:36 | Queue | Villager (Male) |
| 22:16 | Queue | Villager (Male) |
| 22:37 | Build | Farm |
| 22:46 | Research | Castle Age |
| 22:47 | Research | Castle Age |
| 22:53 | Build | Watch Tower |
| 23:06 | Queue | Unit 2550 |
| 23:07 | Queue | Unit 2550 |
| 23:08 | Build | House |
| 23:23 | Build | House |
| 23:25 | Build | Gate |
| 23:27 | Build | House |
| 23:32 | Queue | Unit 2550 |
| 23:32 | Queue | Unit 2550 |
| 23:52 | Build | Stone Wall |
| 23:54 | Build | Stone Wall |
| 24:06 | Build | House |
| 24:08 | Build | House |
| 24:11 | Build | Gate |
Build order — Hoanginator
First 150 of 512 actions detected
| 0:00 | Queue | Villager (Male) |
| 0:01 | Build | House |
| 0:02 | Build | House |
| 0:06 | Queue | Villager (Male) |
| 0:06 | Queue | Villager (Male) |
| 0:06 | Queue | Villager (Male) |
| 1:01 | Queue | Villager (Male) |
| 1:02 | Queue | Villager (Male) |
| 1:31 | Queue | Villager (Male) |
| 1:31 | Queue | Villager (Male) |
| 1:53 | Build | Settlement |
| 1:56 | Queue | Villager (Male) |
| 1:57 | Queue | Villager (Male) |
| 2:15 | Queue | Villager (Male) |
| 2:15 | Queue | Villager (Male) |
| 2:42 | Queue | Villager (Male) |
| 3:33 | Queue | Villager (Male) |
| 3:33 | Queue | Villager (Male) |
| 3:59 | Queue | Villager (Male) |
| 3:59 | Queue | Villager (Male) |
| 4:19 | Queue | Villager (Male) |
| 4:19 | Queue | Villager (Male) |
| 4:37 | Queue | Villager (Male) |
| 4:37 | Queue | Villager (Male) |
| 4:38 | Queue | Villager (Male) |
| 4:39 | Queue | Villager (Male) |
| 5:00 | Queue | Villager (Male) |
| 5:01 | Queue | Villager (Male) |
| 5:01 | Queue | Villager (Male) |
| 5:18 | Build | Settlement |
| 5:26 | Queue | Villager (Male) |
| 5:26 | Queue | Villager (Male) |
| 7:02 | Queue | Villager (Male) |
| 7:22 | Research | Feudal Age |
| 7:37 | Build | Barracks |
| 8:01 | Build | Palisade Wall |
| 8:01 | Build | Palisade Wall |
| 8:04 | Build | Palisade Wall |
| 8:08 | Build | Palisade Wall |
| 8:09 | Build | Palisade Wall |
| 8:15 | Build | Palisade Wall |
| 8:29 | Build | House |
| 8:32 | Build | Palisade Wall |
| 8:35 | Build | Palisade Wall |
| 8:40 | Build | Palisade Wall |
| 8:41 | Build | Palisade Wall |
| 8:44 | Build | Palisade Wall |
| 8:47 | Queue | Unit 2550 |
| 8:48 | Queue | Unit 2550 |
| 8:58 | Research | Loom |
| 9:01 | Queue | Unit 2550 |
| 9:17 | Queue | Unit 2550 |
| 9:19 | Queue | Unit 2550 |
| 9:19 | Queue | Unit 2550 |
| 9:41 | Age | Feudal Age |
| 10:08 | Build | Watch Tower |
| 10:25 | Queue | Villager (Male) |
| 10:25 | Queue | Villager (Male) |
| 11:12 | Research | Tech 1402 |
| 11:18 | Queue | Villager (Male) |
| 11:19 | Queue | Villager (Male) |
| 11:29 | Queue | Villager (Male) |
| 11:29 | Queue | Villager (Male) |
| 11:29 | Queue | Villager (Male) |
| 12:09 | Queue | Villager (Male) |
| 12:09 | Queue | Villager (Male) |
| 12:09 | Queue | Villager (Male) |
| 12:10 | Queue | Villager (Male) |
| 12:10 | Build | Farm |
| 12:12 | Build | Farm |
| 12:16 | Queue | Unit 2550 |
| 12:16 | Queue | Unit 2550 |
| 12:19 | Queue | Villager (Male) |
| 12:19 | Queue | Villager (Male) |
| 12:29 | Queue | Villager (Male) |
| 12:36 | Build | Farm |
| 12:42 | Queue | Unit 2550 |
| 12:49 | Build | House |
| 12:50 | Build | House |
| 12:59 | Queue | Unit 2550 |
| 13:27 | Queue | Villager (Male) |
| 13:34 | Queue | Villager (Male) |
| 13:47 | Build | Blacksmith |
| 13:50 | Queue | Villager (Male) |
| 14:01 | Queue | Unit 2550 |
| 14:03 | Queue | Villager (Male) |
| 14:05 | Build | House |
| 14:05 | Build | House |
| 14:23 | Queue | Unit 2550 |
| 14:27 | Research | Scale Mail Armor |
| 14:35 | Queue | Villager (Male) |
| 14:39 | Queue | Villager (Male) |
| 14:41 | Build | Farm |
| 14:54 | Build | Farm |
| 15:05 | Research | Forging |
| 15:06 | Research | Forging |
| 15:43 | Queue | Villager (Male) |
| 15:45 | Build | Farm |
| 15:48 | Build | Farm |
| 15:49 | Build | Farm |
| 15:49 | Build | Farm |
| 16:06 | Queue | Villager (Male) |
| 16:08 | Build | Farm |
| 16:09 | Build | Farm |
| 16:16 | Build | House |
| 16:38 | Queue | Villager (Male) |
| 16:46 | Build | Palisade Wall |
| 16:58 | Queue | Unit 2550 |
| 16:58 | Queue | Unit 2550 |
| 17:00 | Build | House |
| 17:04 | Build | Palisade Wall |
| 17:13 | Build | House |
| 17:42 | Queue | Unit 2550 |
| 17:52 | Build | Market |
| 18:45 | Research | Castle Age |
| 18:46 | Research | Castle Age |
| 18:51 | Build | Barracks |
| 18:55 | Build | House |
| 19:33 | Queue | Unit 2550 ×2 |
| 19:33 | Queue | Unit 2550 ×2 |
| 19:43 | Queue | Unit 2550 |
| 19:44 | Queue | Unit 2550 |
| 20:03 | Queue | Unit 2550 |
| 20:03 | Queue | Unit 2550 |
| 20:42 | Queue | Unit 2550 ×2 |
| 20:42 | Queue | Unit 2550 ×2 |
| 20:42 | Queue | Unit 2550 ×2 |
| 20:51 | Build | Settlement |
| 21:03 | Queue | Unit 2550 |
| 21:03 | Queue | Unit 2550 |
| 21:25 | Age | Castle Age |
| 21:30 | Research | Tech 1351 |
| 21:30 | Research | Tech 1351 |
| 21:34 | Research | Squires |
| 21:34 | Research | Squires |
| 21:55 | Queue | Unit 2582 |
| 21:55 | Queue | Unit 2582 |
| 21:55 | Queue | Unit 2582 |
| 21:55 | Queue | Unit 2582 |
| 22:13 | Build | Farm |
| 22:14 | Build | Farm |
| 22:33 | Queue | Unit 2550 ×2 |
| 22:34 | Queue | Unit 2550 ×2 |
| 22:40 | Queue | Unit 2550 |
| 22:40 | Queue | Unit 2550 |
| 22:51 | Queue | Unit 2550 |
| 22:51 | Queue | Unit 2550 |
| 23:12 | Research | Arson |
| 23:12 | Research | Arson |
| 23:25 | Queue | Unit 2550 |
Match timeline
| 7:37 | Hoanginator · first_building Barracks |
| 8:01 | Hoanginator · wall_segment Palisade Wall x1 |
| 8:01 | Hoanginator · wall_segment Palisade Wall x1 |
| 8:04 | Hoanginator · wall_segment Palisade Wall x1 |
| 8:08 | Hoanginator · wall_segment Palisade Wall x1 |
| 8:09 | Hoanginator · wall_segment Palisade Wall x1 |
| 8:12 | Dark_aoe · wall_segment Palisade Wall x1 |
| 8:15 | Hoanginator · wall_segment Palisade Wall x1 |
| 8:32 | Hoanginator · wall_segment Palisade Wall x1 |
| 8:35 | Hoanginator · wall_segment Palisade Wall x1 |
| 8:40 | Hoanginator · wall_segment Palisade Wall x1 |
| 8:41 | Hoanginator · wall_segment Palisade Wall x1 |
| 8:44 | Hoanginator · wall_segment Palisade Wall x1 |
| 8:52 | Dark_aoe · age_up feudal |
| 9:01 | Dark_aoe · wall_segment Palisade Wall x1 |
| 9:02 | Dark_aoe · wall_segment Palisade Wall x1 |
| 9:05 | Dark_aoe · wall_segment Palisade Wall x1 |
| 9:21 | Dark_aoe · wall_segment Stone Wall x1 |
| 9:22 | Dark_aoe · wall_segment Stone Wall x1 |
| 9:41 | Hoanginator · age_up feudal |
| 9:56 | Dark_aoe · wall_segment Stone Wall x1 |
| 10:51 | Dark_aoe · first_building Barracks |
| 16:46 | Hoanginator · wall_segment Palisade Wall x1 |
| 17:04 | Hoanginator · wall_segment Palisade Wall x1 |
| 17:48 | Dark_aoe · first_market_buy 100 food |
| 18:33 | Hoanginator · first_market_buy 500 food |
| 18:34 | Hoanginator · first_market_sell 100 stone |
| 21:02 | Dark_aoe · wall_segment Stone Wall x1 |
| 21:06 | Dark_aoe · wall_segment Stone Wall x1 |
| 21:25 | Hoanginator · age_up castle |
| 23:52 | Dark_aoe · wall_segment Stone Wall x1 |
| 23:54 | Dark_aoe · wall_segment Stone Wall x1 |
| 24:19 | Dark_aoe · wall_segment Stone Wall x2 |
| 24:30 | Dark_aoe · first_building Archery Range |
| 25:39 | Dark_aoe · age_up castle |
| 25:40 | Dark_aoe · wall_segment Stone Wall x1 |
| 25:53 | Dark_aoe · wall_segment Stone Wall x3 |
| 25:56 | Dark_aoe · wall_segment Stone Wall x1 |
| 26:27 | Dark_aoe · wall_segment Stone Wall x1 |
| 27:16 | Dark_aoe · first_building Monastery |
| 29:23 | Dark_aoe · first_market_sell 100 stone |
| 30:29 | Dark_aoe · wall_segment Palisade Wall x1 |
| 31:14 | Hoanginator · first_building Castle |
| 31:14 | Dark_aoe · wall_segment Palisade Wall x1 |
| 31:18 | Dark_aoe · wall_segment Palisade Wall x1 |
| 33:30 | Dark_aoe · first_building Castle |
| 36:14 | Dark_aoe · wall_segment Stone Wall x7 |
| 38:10 | Dark_aoe · wall_segment Stone Wall x1 |
| 38:11 | Dark_aoe · wall_segment Stone Wall x1 |
| 39:20 | Hoanginator · wall_segment Stone Wall x7 |
| 39:29 | Hoanginator · wall_segment Stone Wall x3 |
| 39:44 | Hoanginator · wall_segment Stone Wall x3 |
| 39:46 | Hoanginator · wall_segment Stone Wall x3 |
| 39:47 | Hoanginator · wall_segment Stone Wall x4 |
| 39:50 | Hoanginator · wall_segment Stone Wall x5 |
| 39:52 | Dark_aoe · wall_segment Stone Wall x10 |
| 39:55 | Hoanginator · wall_segment Stone Wall x5 |
| 41:03 | Dark_aoe · wall_segment Stone Wall x6 |
| 41:14 | Hoanginator · wall_segment Stone Wall x1 |
| 41:50 | Hoanginator · age_up imperial |
| 42:02 | Dark_aoe · wall_segment Stone Wall x18 |
| 42:24 | Dark_aoe · age_up imperial |
| 50:44 | Hoanginator · resign |
[ AI ANALYSIS · 1 CREDIT ]
What really happened in this match?
Wolo.gg analyzes every decision: build order, eco, micro, common mistakes by bracket. Personalized analysis on WhatsApp or Discord in 30 seconds.
Civ guide
Muisca
Perfil
Dark